Map: Abyssal Reef LE

Players

VortiX - Winner!

  • Race: Zerg Zerg
  • Spawn Location: 11:00

souL

  • Race: Terran Terran
  • Spawn Location: 5:00

Event: WCS Valencia 2017

VOD

Have the link to the VOD?

Description

Time

  • Played on: July 13, 2017, 7:31 a.m.
  • Length: 19:58

All games in this series

Show
View Real Time Build Order
Export as new Build Order

VortiX Zerg - Winner!

Build Orders: Pool First, Muta Ling Bane 

Get SALT Encoding   

  12  0:00  Drone  
  13  0:13  Overlord  
  13  0:17  Drone  
  14  0:31  Drone x2  
  14  0:35  Drone  
  17  0:37  Extractor  
  16  0:46  Spawning Pool  
  15  0:50  Drone  
  15  0:56  Drone  
  17  1:17  Hatchery  
  16  1:33  Zergling x4  
  16  1:37  Metabolic Boost  
  18  1:43  Queen  
  20  1:50  Overlord  
  20  1:56  Zergling x2  
  20  1:57  Zergling x2  
  22  2:10  Zergling x2  
  23  2:19  Queen, Zergling x2  
  26  2:31  Queen  
  26  2:35  Zergling x4  
  30  2:39  Overlord  
  29  2:54  Zergling x2  
  29  2:55  Zergling x8  
  29  2:56  Zergling x2  
  33  3:07  Drone x2  
  33  3:12  Queen  
  37  3:19  Drone x2  
  39  3:29  Overlord  
  39  3:30  Drone  
  39  3:31  Drone  
  41  3:37  Drone  
  41  3:38  Drone  
  43  3:54  Hatchery  
  42  3:57  Drone  
  42  3:59  Drone  
  42  4:00  Drone  
  45  4:07  Zergling x4  
  45  4:08  Zergling x2  
  48  4:11  Drone  
  48  4:12  Drone  
  50  4:17  Overlord  
  50  4:19  Drone  
  51  4:24  Overlord  
  50  4:33  Zergling x2  
  51  4:42  Zergling x10  
  51  4:43  Zergling x2  
  55  4:53  Queen, Zergling x2  
  56  5:02  Zergling x4  
  58  5:11  Drone  
  58  5:12  Drone x2  
  51  5:26  Drone x5  
  54  5:29  Overlord  
  52  5:35  Extractor  
  52  5:38  Zergling x12  
  52  5:40  Zergling x2  
  58  5:47  Zergling x2  
  58  5:48  Zergling x2  
  59  5:57  Queen  
  59  6:00  Zergling x6  
  64  6:04  Overlord  
  64  6:05  Drone x4  
  64  6:06  Drone x2  
  67  6:12  Drone x2  
  67  6:13  Drone x3  
  67  6:17  Zergling x2  
  67  6:18  Zergling x2  
  69  6:23  Zergling x2  
  68  6:30  Evolution Chamber x2, Drone x3  
  68  6:32  Baneling Nest  
  65  6:40  Drone x2  
  65  6:41  Drone x3  
  69  6:50  Drone x2  
  70  6:58  Zerg Ground Armor Level 1, Zerg Melee Weapons Level 1, Zergling x2, Extractor x2  
  69  7:01  Zergling x2  
  69  7:02  Zergling x12  
  69  7:04  Hatchery  
  69  7:08  Lair  
  75  7:09  Drone  
  75  7:15  Drone  
  77  7:18  Drone  
  77  7:22  Spore Crawler x2  
  74  7:26  Spore Crawler, Drone  
  74  7:27  Drone x4  
  77  7:33  Drone x2  
  77  7:34  Drone  
  77  7:37  Drone  
  77  7:38  Drone x5  
  81  7:52  Extractor, Drone x3  
  81  7:54  Extractor  
  80  7:59  Drone x3  
  80  8:00  Drone x4  
  80  8:05  Queen  
  89  8:08  Overseer  
  89  8:10  Spire  
  88  8:16  Drone x2  
  88  8:17  Drone x2  
  91  8:20  Drone  
  91  8:22  Baneling  
  91  8:23  Baneling x5, Overlord x2  
  90  8:27  Centrifical Hooks  
  90  8:30  Zergling x4  
  90  8:33  Baneling x4  
  92  8:37  Overlord  
  92  8:41  Queen x2  
  92  8:48  Zergling x10  
  88  8:49  Zergling x8  
  94  9:00  Zergling x2  
  95  9:03  Hatchery  
  94  9:16  Zerg Ground Armor Level 2, Zerg Melee Weapons Level 2, Drone x2  
  95  9:22  Baneling  
  95  9:23  Baneling x2  
  95  9:24  Mutalisk  
  95  9:25  Mutalisk x5  
  95  9:28  Mutalisk  
  109  9:33  Overlord  
  109  9:37  Mutalisk  
  111  9:44  Extractor, Drone  
  111  9:46  Overlord  
  111  9:47  Overlord x2  
  111  9:52  Extractor  
  110  9:53  Spore Crawler  
  105  10:06  Mutalisk  
  107  10:07  Mutalisk x3  
  107  10:09  Zergling x6  
  107  10:10  Zergling x16  
  124  10:20  Baneling  
  122  10:22  Drone  
  122  10:23  Drone x9  
  132  10:30  Drone  
  132  10:31  Drone  
  132  10:32  Drone x2  
  132  10:33  Drone  
  137  10:37  Baneling x4  
  137  10:38  Baneling x2  
  137  10:42  Infestation Pit  
  136  10:53  Zergling x16  
  136  10:54  Zergling x12  
  150  11:03  Baneling  
  150  11:04  Baneling x5  
  138  11:16  Mutalisk x9  
  141  11:20  Zergling x10  
  145  11:33  Hive  
  145  11:37  Mutalisk x2  
  135  11:49  Baneling x11  
  135  11:50  Baneling, Zergling x16  
  135  11:51  Zergling x14  
  147  11:59  Baneling x2, Zergling x2  
  147  12:00  Zergling x2  
  149  12:01  Overlord x2  
  149  12:02  Overlord  
  149  12:19  Overlord x2  
  149  12:21  Hatchery, Zergling x22  
  159  12:24  Baneling  
  159  12:25  Baneling x4  
  157  12:35  Zergling x8  
  157  12:36  Zergling x8  
  142  12:41  Zergling x2  
  142  12:42  Zergling x12  
  142  12:48  Baneling x2  
  139  12:56  Adrenal Glands  
  139  12:58  Zerg Melee Weapons Level 3, Ultralisk Cavern  
  136  13:09  Drone  
  136  13:10  Drone x5  
  136  13:11  Drone x4  
  136  13:12  Drone x6  
  152  13:16  Zerg Ground Armor Level 3  
  152  13:18  Overseer  
  152  13:21  Baneling x2  
  152  13:22  Baneling x5  
  152  13:23  Baneling  
  152  13:24  Baneling  
  152  13:25  Baneling x2  
  150  13:44  Chitinous Plating  
  150  13:46  Ultralisk x2  
  162  13:57  Extractor x2, Greater Spire  
  162  13:58  Drone x3  
  162  13:59  Drone x3  
  162  14:02  Overlord  
  166  14:03  Ultralisk x2  
  166  14:06  Baneling x3  
  166  14:07  Baneling x2  
  169  14:19  Drone x3  
  169  14:20  Drone x4  
  171  14:27  Ultralisk x2, Zergling x2  
  171  14:28  Zergling x10  
  185  14:45  Ultralisk, Zergling x8  
  195  14:46  Overlord  
  195  14:47  Overlord  
  195  14:52  Overseer  
  195  14:54  Hatchery  
  195  15:07  Ultralisk, Zergling x10  
  173  15:14  Zergling x2  
  173  15:15  Zergling x30  
  173  15:17  Zergling x2  
  173  15:18  Zergling x12  
  173  15:20  Zergling x2  
  173  15:21  Zergling x6  
  177  15:33  Drone x5  
  177  15:34  Drone x2  
  180  15:36  Baneling x4  
  180  15:37  Baneling x9  
  178  15:51  Baneling  
  178  15:54  Overlord x2  
  178  15:55  Overlord x2  
  126  16:12  Zergling x2  
  126  16:13  Ultralisk, Zergling x30  
  135  16:25  Ultralisk x2, Zergling x10  
  146  16:31  Drone x4  
  146  16:32  Drone  
  151  16:34  Overseer  
  151  16:38  Corruptor x3  
  151  16:44  Baneling x12  
  151  16:48  Overseer  
  151  16:53  Ultralisk  
  157  17:01  Corruptor x2  
  157  17:02  Corruptor x2  
  146  17:23  Zergling x2  
  146  17:24  Zergling x30  
  157  17:31  Drone x4  
  163  17:37  Brood Lord x3  
  163  17:38  Brood Lord  
  163  17:42  Brood Lord x2  
  168  17:48  Corruptor  
  168  17:49  Corruptor  
  172  17:57  Overlord x3  
  166  18:06  Corruptor  
  168  18:14  Corruptor x2  
  168  18:15  Corruptor x3  
  168  18:19  Corruptor  
  177  18:24  Corruptor x2  
  181  18:31  Corruptor x2  
  182  18:39  Corruptor x3  
  186  19:01  Zergling x2  
  186  19:02  Zergling x14  
  193  19:06  Zergling x2  
  193  19:07  Zergling x26  
  167  19:17  Zergling x2  
  167  19:18  Zergling x12  
  167  19:21  Brood Lord  
  167  19:22  Brood Lord  
  173  19:45  Hatchery  
Show
View Real Time Build Order
Export as new Build Order

souL Terran 

Build Orders:  

Get SALT Encoding   

  12  0:00  SCV  
  13  0:13  SCV  
  14  0:19  Supply Depot  
  14  0:25  SCV  
  15  0:30  Refinery  
  15  0:40  SCV  
  16  0:46  Barracks  
  16  0:53  SCV  
  17  1:03  Barracks  
  17  1:07  SCV  
  18  1:21  Barracks  
  18  1:33  Reaper  
  18  1:37  Orbital Command  
  19  1:50  Reaper  
  19  1:51  Supply Depot  
  20  1:56  Refinery  
  20  2:02  SCV  
  20  2:05  Reaper  
  22  2:09  Reaper  
  22  2:15  SCV  
  24  2:19  Supply Depot  
  24  2:24  Reaper  
  25  2:30  SCV  
  26  2:37  Reaper  
  26  2:42  SCV  
  28  2:49  Reaper  
  26  2:54  SCV  
  25  3:06  SCV  
  26  3:13  Reaper  
  28  3:23  SCV  
  28  3:25  Reaper  
  29  3:34  Command Center  
  29  3:39  SCV  
  31  3:47  Reaper  
  32  3:52  SCV, Supply Depot  
  33  3:58  Reaper  
  33  4:05  SCV  
  33  4:07  Factory  
  34  4:14  Reaper  
  34  4:17  SCV  
  36  4:25  Reaper  
  37  4:32  SCV, Reaper  
  39  4:44  SCV  
  40  4:46  Orbital Command, Supply Depot  
  41  4:57  SCV, Reaper  
  43  5:02  Starport  
  43  5:06  Factory Tech Lab  
  42  5:09  SCV  
  40  5:16  SCV  
  40  5:21  SCV  
  41  5:28  SCV  
  40  5:33  SCV  
  43  5:40  SCV  
  45  5:45  SCV  
  45  5:46  Supply Depot  
  45  5:47  Cloaking Field  
  45  5:48  Banshee  
  46  5:52  SCV  
  47  5:57  SCV  
  47  6:01  Marine x2  
  47  6:02  Marine  
  47  6:03  Command Center  
  51  6:04  SCV  
  51  6:05  Factory Reactor  
  51  6:09  SCV  
  53  6:16  SCV  
  52  6:19  Marine x2  
  52  6:21  SCV  
  52  6:23  Marine  
  56  6:28  SCV, Engineering Bay x2  
  56  6:31  Banshee  
  60  6:33  SCV  
  61  6:40  SCV  
  61  6:42  Marine  
  61  6:45  SCV  
  61  6:46  Hellion x2  
  65  6:50  Refinery  
  65  6:51  Refinery  
  65  6:53  SCV  
  67  6:57  Barracks Reactor  
  67  6:58  SCV  
  68  7:01  Barracks  
  68  7:02  Barracks  
  68  7:05  SCV, Terran Infantry Weapons Level 1  
  68  7:06  Marine  
  70  7:11  Barracks Tech Lab  
  70  7:13  Supply Depot  
  70  7:15  Supply Depot x2  
  70  7:20  Hellion x2  
  70  7:21  Orbital Command  
  74  7:26  Armory  
  74  7:27  SCV  
  74  7:31  SCV  
  74  7:32  Starport Reactor  
  74  7:36  Marine x2  
  77  7:37  Supply Depot  
  77  7:39  Marine  
  78  7:45  SCV  
  78  7:48  SCV  
  78  7:49  Barracks Reactor  
  80  7:52  Hellion x2, Barracks Reactor x2  
  80  7:54  Marine x2  
  80  7:55  Terran Infantry Armor Level 1, Orbital Command  
  80  7:57  Marine  
  87  8:00  SCV  
  87  8:03  SCV  
  87  8:05  Supply Depot  
  89  8:11  Marine  
  89  8:12  Marine, SCV  
  92  8:14  Marine, Medivac x2  
  92  8:16  SCV  
  98  8:20  SCV  
  98  8:24  SCV  
  98  8:25  Supply Depot  
  100  8:27  Marine  
  100  8:28  SCV  
  100  8:30  Marine  
  100  8:32  SCV  
  98  8:36  Marine, SCV  
  98  8:37  Stimpack  
  98  8:39  Marine  
  98  8:40  Marine  
  102  8:44  Medivac  
  102  8:47  Marine, Medivac  
  102  8:48  Marine x4  
  96  8:49  SCV  
  96  8:52  Widow Mine  
  96  8:53  Widow Mine  
  96  8:54  Marine  
  102  8:55  Supply Depot  
  102  8:56  Terran Vehicle Weapons Level 1  
  102  8:58  Marine  
  102  9:02  Liberator  
  102  9:03  Bunker  
  102  9:04  Supply Depot  
  102  9:05  Marine  
  102  9:06  Marine x2  
  102  9:07  Marauder  
  107  9:15  Combat Shields  
  107  9:16  Marauder, Marine  
  110  9:20  Refinery  
  110  9:21  SCV x2, Refinery  
  110  9:22  SCV, Marine, Supply Depot  
  117  9:26  Marine  
  117  9:29  Supply Depot  
  117  9:30  Marine  
  119  9:33  SCV x2  
  119  9:35  SCV  
  122  9:39  Marine  
  122  9:40  Supply Depot  
  122  9:43  Command Center  
  122  9:44  Medivac  
  122  9:45  SCV  
  126  9:46  Marine  
  126  9:47  Marauder  
  126  9:48  Marine  
  126  9:50  Marine  
  131  9:53  Marine  
  131  9:54  Marauder  
  131  9:59  Missile Turret  
  131  10:00  Factory, Marine  
  131  10:01  Missile Turret  
  131  10:02  Medivac  
  131  10:04  Marine x2  
  134  10:09  Marauder, Marine  
  134  10:12  Marine  
  134  10:13  Medivac  
  140  10:15  Marauder  
  140  10:17  Marine  
  140  10:20  Widow Mine x2  
  137  10:23  Marine  
  138  10:31  Marauder  
  138  10:32  Barracks  
  138  10:33  Terran Infantry Weapons Level 2  
  140  10:36  Barracks  
  140  10:43  Terran Infantry Armor Level 2  
  140  10:45  Factory Tech Lab  
  140  10:49  Marine  
  143  10:54  Marauder, Marine, Widow Mine  
  143  10:56  Planetary Fortress, Missile Turret  
  145  10:58  Marine  
  145  11:04  Marine  
  146  11:06  Thor  
  147  11:14  Marine  
  147  11:15  Marauder, Marine x3  
  147  11:17  Marine  
  147  11:18  Marine  
  137  11:20  Marine  
  137  11:23  Drilling Claws  
  137  11:25  Marine  
  137  11:29  Marine x2  
  137  11:32  Marine x2, Medivac x2  
  137  11:36  Marauder x2  
  137  11:37  Marine  
  137  11:38  Marine  
  142  11:40  Marine  
  143  11:47  Missile Turret  
  143  11:48  Liberator, Missile Turret  
  143  11:50  Terran Vehicle And Ship Armor Level 1  
  143  11:53  Thor  
  139  11:57  Marine x5  
  139  11:59  Marine  
  139  12:00  Barracks Tech Lab  
  145  12:02  Marauder, Marine, Medivac  
  145  12:05  Marauder  
  155  12:09  Marine  
  155  12:10  Supply Depot  
  156  12:22  Marine  
  159  12:23  Marauder, Marine x3  
  159  12:24  Marauder  
  159  12:28  Command Center  
  164  12:33  Marine x4  
  164  12:34  Marauder  
  152  12:40  Marine x2  
  152  12:41  Marine x2  
  152  12:44  Marine  
  144  12:45  Marine, Medivac  
  144  12:51  Marine x4  
  127  12:52  Medivac  
  127  12:54  Marine  
  127  12:57  Thor  
  127  12:58  Marine x4  
  138  13:01  Marine  
  138  13:02  Marine  
  138  13:05  Widow Mine  
  135  13:06  Widow Mine  
  135  13:09  Marine x4  
  135  13:12  Marine  
  142  13:13  Terran Infantry Weapons Level 3  
  142  13:16  Marine x4, Terran Infantry Armor Level 3  
  142  13:19  Marine  
  148  13:25  Marauder  
  148  13:26  Marine  
  151  13:33  Refinery  
  151  13:34  Starport, Widow Mine x2  
  147  13:38  SCV  
  147  13:39  Thor, Marine  
  147  13:40  SCV  
  160  13:44  Terran Vehicle And Ship Armor Level 2  
  160  13:45  Missile Turret  
  160  13:48  Missile Turret  
  160  13:51  Marauder, Marine  
  160  13:54  Marine x2  
  165  13:57  Marine  
  165  14:02  Widow Mine  
  166  14:03  Planetary Fortress  
  166  14:05  Marine  
  166  14:06  Marauder  
  166  14:07  Marauder, Marine x3  
  166  14:08  Marine  
  166  14:09  Liberator  
  177  14:11  Widow Mine  
  177  14:12  Marine  
  177  14:14  Marine x2  
  177  14:15  Starport Tech Lab  
  182  14:18  Marine  
  182  14:21  Liberator  
  182  14:22  Widow Mine  
  182  14:23  Marine  
  178  14:24  Marine  
  178  14:27  Marauder  
  178  14:28  Marauder  
  178  14:29  Marine  
  178  14:30  Marine  
  183  14:31  Marine  
  183  14:33  Marauder  
  183  14:38  Refinery  
  186  14:39  Refinery  
  186  14:43  Marine  
  190  14:47  Marine  
  190  14:49  Marauder, Marine  
  190  14:50  Marauder  
  190  14:52  Medivac  
  198  14:54  Marauder  
  200  15:02  Marine  
  200  15:05  Marine  
  200  15:06  Marine  
  200  15:07  Marine  
  199  15:09  Marine  
  155  15:14  Marine  
  155  15:15  Marauder, Marine x4  
  155  15:20  Marine  
  151  15:23  Marine x2, Medivac  
  151  15:24  Marine  
  151  15:27  Marine  
  151  15:28  Medivac  
  151  15:32  Marine  
  151  15:33  Marauder, Marine x3  
  151  15:35  Thor  
  155  15:36  Marine  
  155  15:38  Marine  
  155  15:39  Widow Mine x2  
  159  15:44  Medivac  
  159  15:49  Missile Turret  
  161  15:52  Marine  
  161  15:53  Medivac  
  161  15:55  Marauder  
  166  15:58  Medivac  
  168  16:05  Marauder, Marine  
  168  16:08  Marine, Widow Mine x2  
  168  16:09  Marauder  
  129  16:12  Marine  
  129  16:13  Marine  
  129  16:16  Marauder  
  129  16:17  Widow Mine  
  129  16:18  Marine  
  111  16:19  Marine  
  109  16:27  Marauder  
  109  16:28  Liberator  
  109  16:30  Marauder  
  109  16:31  Liberator  
  113  16:33  Marine  
  113  16:34  Marine x3  
  113  16:37  Marauder  
  119  16:42  Orbital Command  
  119  16:43  Marine  
  123  16:48  Marauder  
  123  16:51  Marauder  
  130  16:54  Marine  
  130  16:59  Marauder, Marine  
  134  17:02  Marine  
  134  17:04  Liberator  
  134  17:07  Marine  
  134  17:08  Marine  
  136  17:10  Marauder  
  136  17:11  Liberator  
  136  17:14  Liberator, Marine  
  136  17:15  Marine x3  
  133  17:18  Marine  
  133  17:20  Marauder, Marine  
  133  17:28  Marine  
  134  17:31  Marauder  
  134  17:33  Marauder, Marine  
  134  17:41  SCV x3  
  135  17:46  Thor  
  135  17:48  Widow Mine  
  135  17:49  Widow Mine  
  145  17:53  SCV x2  
  145  17:57  Marauder x2, Marine  
  152  17:59  Marine x2  
  152  18:00  Marine  
  152  18:01  Marine  
  152  18:02  Marine  
  152  18:03  Marine  
  158  18:07  Marine  
  159  18:15  Marine, SCV  
  159  18:17  Widow Mine  
  159  18:18  Marauder, Widow Mine  
  159  18:19  Marauder  
  165  18:20  Viking  
  165  18:21  Marine  
  165  18:25  Marine x2  
  168  18:27  Medivac x2  
  168  18:31  Marine  
  168  18:33  Marine x2  
  170  18:44  Marine  
  170  18:46  Marine x4  
  174  18:50  Medivac  
  174  18:57  Viking  
  169  19:05  Marauder, Marine  
  169  19:09  Marine  
  145  19:10  Marauder  
  145  19:15  Marauder, Marine  
  127  19:18  Marine  
  127  19:19  Marine  
  127  19:23  Marine  
  125  19:24  Marine  
  125  19:26  Marauder  
  125  19:27  Marine  
  127  19:31  Marauder  
  127  19:33  Marine  
  127  19:36  Marauder, Marine  
  127  19:37  Marine  
  127  19:38  Marine  
Tags
 
Add a new tag
Caveats
  • Supply blocks, unpowered buildings, or Contaminate may cause inaccurate times.
  • Supply counts are checked every 10 seconds.